 Dungeon Crawl Stone Soup version 0.30-b1-2-g02819fbbbe (webtiles) character file.

Game seed: 13379516368478495492

48 nightchill the Trooper (level 3, -6/20 HPs)
             Began as a Vine Stalker Fighter on Jan 8, 2024.
             Mangled by a gnoll
             ... wielding a +0 halberd
              (8 damage)
             ... on level 2 of the Dungeon.
             The game lasted 00:02:13 (619 turns).

nightchill the Trooper (Vine Stalker Fighter)        Turns: 619, Time: 00:02:13

Health: -6/20      AC:  3    Str: 18    XL:     3   Next: 72%
Magic:  0/4        EV:  9    Int:  8    God:
Gold:   37         SH:  4    Dex: 13    Spells: 2/2 levels left

rFire   . . .        a - +0 rapier
rCold   . . .        c - +0 buckler
rNeg    . . .        b - +0 scale mail
rPois   .            (no helmet)
rElec   .            (no cloak)
rCorr   .            (no gloves)
SInv    .            (no boots)
Will    +....        (no amulet) Stlth
                     n - ring of willpower
HPRegen 0.23/turn    k - +4 ring of slaying
MPRegen 0.09/turn

%: guardian spirit
@: no status effects
A: fangs 2, magic shield, antimagic bite, no potion heal 2, talons 1, clumsy 1,
deformed body
a: no special abilities


You were on level 2 of the Dungeon.
You visited 1 branch of the dungeon, and saw 2 of its levels.

You collected 37 gold pieces.

Inventory:

Hand Weapons
 a - a +0 rapier (weapon)
Armour
 b - a +0 scale mail (worn)
 c - a +0 buckler (worn)
Jewellery
 f - a ring of protection from cold
 k - a +4 ring of slaying (right hand)
 n - a ring of willpower (left hand)
Scrolls
 e - 2 scrolls of blinking {unknown}
 g - a scroll of vulnerability {unknown}
 h - a scroll of enchant weapon {unknown}
 l - a scroll of teleportation {unknown}
 m - a scroll of noise {unknown}
Potions
 d - a potion of might
 i - 2 potions of mutation
 j - a potion of flight {unknown}


   Skills:
 + Level 3.2 Fighting
 * Level 3.1 Short Blades
 - Level 2.4 Armour
 - Level 2.6 Shields


You had 2 spell levels left.
You didn't know any spells.
Your spell library was empty.

Dungeon Overview and Level Annotations

Branches:
Dungeon (2/15)

Altars:


Innate Abilities, Weirdness & Mutations

You have extremely sharp teeth.
When hurt, damage is shared between your health and your magic reserves.
Your bite disrupts and absorbs the magic of your enemies.
Potions cannot restore your health.
You have sharp toenails.
You are clumsy. (Dex -2)
Armour fits poorly on your strangely shaped body.


Message History

The ball python barely misses you. The ball python constricts you.
You hit the ball python.
You kill the ball python!
The bat closely misses you. You block the bat's attack.
You closely miss the hobgoblin.
The hobgoblin is heavily wounded.
The bat barely misses you. The gnoll barely misses you. The hobgoblin hits you.
You closely miss the hobgoblin.
The hobgoblin is heavily wounded.
You block the bat's attack. The bat hits you.
The hobgoblin completely misses you.
The gnoll hits you from afar with a +0 halberd.
You closely miss the hobgoblin.
You bite the hobgoblin, but do no damage.
The hobgoblin is heavily wounded.
The bat hits you but does no damage.
The gnoll hits you from afar with a +0 halberd!
Ouch! That really hurt!
* * * LOW HITPOINT WARNING * * *
The hobgoblin barely misses you.
It was a potion of mutation.
You feel extremely strange.
Your toenails lengthen and sharpen.
Your body twists and deforms.
You feel clumsy. The bat hits you but does no damage.
The bat barely misses you. The hobgoblin completely misses you.
The gnoll hits you from afar with a +0 halberd.
* * * LOW HITPOINT WARNING * * *
The bat hits you but does no damage.
You hit the hobgoblin but do no damage.
The hobgoblin is heavily wounded.
The bat hits you but does no damage. The hobgoblin closely misses you.
You block the gnoll's attack. The bat hits you but does no damage.
You hit the hobgoblin.
You kill the hobgoblin!
The bat hits you but does no damage. The gnoll misses you.
You puncture the frilled lizard!
You kill the frilled lizard!
The bat barely misses you.
The gnoll hits you from afar with a +0 halberd!
You die...

# #. . #.#### .#
>...####.. ..#
#............
#######..## ....#
#.........###gg...#
#......#.:†@bgw..#
#......#..######.)#
##......#..#
...........#####
###......##.....#
).........####)
#########.#
#######.#####.##
#...............


You could see a worm, 3 gnolls and a bat.

Vanquished Creatures
  3 adders (D:2)
  2 ball pythons (D:2)
  3 endoplasms (D:1)
  2 giant cockroaches (D:1)
  A hobgoblin (D:2)
  2 jackals (D:2)
  3 quokkas (D:1)
  2 frilled lizards
  A kobold (D:1)
  3 rats
22 creatures vanquished.

Notes
Turn   | Place    | Note
-------+----------+-------------------------------------------
     0 | D:1      | nightchill the Vine Stalker Fighter began the quest for the
                  | Orb.
     0 | D:1      | Reached XP level 1. HP: 11/11 MP: 2/2
   276 | D:1      | Reached XP level 2. HP: 16/16 MP: 3/3
   371 | D:1      | You fall into a shaft and drop 1 floor!
   438 | D:2      | Reached XP level 3. HP: 20/20 MP: 4/4
   616 | D:2      | Gained mutation: You have sharp toenails. [potion of
                  | mutation]
   616 | D:2      | Gained mutation: Armour fits poorly on your strangely
                  | shaped body. [potion of mutation]
   616 | D:2      | Gained mutation: You are clumsy. (Dex -2) [potion of
                  | mutation]
   616 | D:2      | HP: 1/20 [gnoll/+0 halberd (2)]
   619 | D:2      | Mangled by a gnoll

Illustrated notes

Levels and vault maps discovered:
D:1:      dpeg_arrival_ternary, layout_basic, minmay_misc_feat_tiny
D:2:      layout_basic, dreamdust_ecumenical_altar_hidden_monk_grotto

Skill      XL: |  1  2  3 |
---------------+----------+-----
Short Blades   | 2 3 |  3.1
Fighting       | 3 |  3.2
Armour         | |  2.4
Shields        | |  2.6

Action                     || total
---------------------------++-------
  Melee: Rapier            ||    58
         Bite              ||    10
    Use: Potion            ||     1
 Armour: Scale mail        ||    25
  Dodge: Dodged            ||    35
  Block: Buckler           ||    13
